 Dungeon Crawl Stone Soup version 0.20-a0-1101-g1de9d76 (console) character file.

308 Goblin1989 the Skirmisher (level 6, -6/51 HPs)
             Began as a Barachi Hunter on May 5, 2017.
             Was an Initiate of Ru.
             Mangled by an iguana (9 damage)
             ... on level 4 of the Dungeon.
             The game lasted 00:13:03 (3630 turns).

Goblin1989 the Skirmisher (Barachi Hunter)          Turns: 3630, Time: 00:13:04

Health: -6/51      AC: 11    Str: 16    XL:     6   Next: 40%
Magic:  6/6        EV: 10    Int: 11    God:    Ru [......]
Gold:   185        SH:  0    Dex: 12    Spells: 5/5 levels left

rFire    . . .     SeeInvis .   b - +0 whip
rCold    . . .     Gourm    .   (no shield)
rNeg     . . .     Faith    .   q - +0 scale mail
rPois    .         Spirit   .   (no helmet)
rElec    .         Reflect  .   g - +0 cloak
rCorr    .         Harm     .   (no gloves)
MR       .....                  l - +2 pair of boots
Stlth    ..........             (no amulet)
Regen    0.2/turn               (no ring)
MPRegen  0.1/turn               (no ring)

@: slow
A: +LOS, swims, slowness 1, strong legs 1
a: Hop, Renounce Religion


You were on level 4 of the Dungeon.
You worshipped Ru.
Ru was noncommittal.
You were not hungry.

You visited 1 branch of the dungeon, and saw 4 of its levels.

You collected 185 gold pieces.

Inventory:

Hand Weapons
 a - a +1 hand crossbow
 b - a +0 whip (weapon)
Missiles
 d - 16 bolts
Armour
 g - a +0 cloak (worn)
 l - a +2 pair of boots (worn)
 q - a +0 scale mail (worn)
Scrolls
 h - 2 scrolls of enchant armour {unknown}
 i - a scroll of magic mapping {unknown}
 m - 4 scrolls of identify {unknown}
 n - a scroll of fog {unknown}
 s - a scroll of enchant weapon {unknown}
 t - a scroll of fear {unknown}
 u - a scroll of remove curse {unknown}
 v - 3 scrolls of immolation {unknown}
 x - a scroll of recharging {unknown}
Potions
 f - 2 potions of haste {unknown}
 k - a potion of curing {unknown}
 o - a potion of heal wounds {unknown}
 p - a potion of invisibility {unknown}
 r - a potion of berserk rage {unknown}
Comestibles
 c - 2 meat rations {@e2}
 e - 2 bread rations {@e1}
 j - 2 royal jellies
 w - 3 chunks of flesh


   Skills:
 + Level 5.0 Fighting
 * Level 4.0 Maces & Flails
 - Level 4.0 Crossbows
 + Level 3.3 Armour
 - Level 2.1 Dodging
 - Level 0.8 Stealth


You had 5 spell levels left.
You didn't know any spells.

Dungeon Overview and Level Annotations

Branches:
Dungeon (4/15)             Temple (0/1) D:4

Altars:
Ru


Innate Abilities, Weirdness & Mutations

Shadows flee at your approach. (+LOS)
You can swim through water.
You cover ground slowly.
You can hop short distances.


Message History

The iguana is lightly wounded.
The iguana misses you.
You barely miss the iguana.
The iguana is lightly wounded.
The iguana completely misses you.
You hit the iguana but do no damage.
The iguana is lightly wounded.
The iguana bites you but does no damage.
You hit the iguana.
The iguana is moderately wounded.
The iguana bites you but does no damage.
You hit the iguana but do no damage.
The iguana is moderately wounded.
The iguana bites you.
You take 3 damage, and have 45/51 hp.
You barely miss the iguana.
The iguana is moderately wounded.
The iguana bites you.
You take 5 damage, and have 40/51 hp.
You hit the iguana.
The iguana is moderately wounded.
The iguana barely misses you.
You completely miss the iguana.
The iguana is moderately wounded.
The iguana bites you but does no damage.
You closely miss the iguana.
The iguana is moderately wounded.
You hit the iguana but do no damage.
The iguana is moderately wounded.
The iguana barely misses you.
You closely miss the iguana.
The iguana is moderately wounded.
The iguana closely misses you.
You closely miss the iguana.
The iguana is moderately wounded.
The iguana bites you.
You take 4 damage, and have 37/51 hp.
You barely miss the iguana.
The iguana is moderately wounded.
The iguana bites you.
You take 2 damage, and have 35/51 hp.
You closely miss the iguana.
The iguana is moderately wounded.
The iguana bites you but does no damage.
Your scale mail prevents you from hitting the iguana.
The iguana is moderately wounded.
The iguana bites you but does no damage.
Some of the chunks of flesh in your inventory have rotted away.
You hit the iguana.
The iguana is heavily wounded.
The iguana bites you.
You take 3 damage, and have 32/51 hp.
You hit the iguana but do no damage.
The iguana is heavily wounded.
The iguana bites you!
You take 9 damage, and have 23/51 hp.
You are too injured to fight recklessly!
You are too injured to fight recklessly!
You are too injured to fight recklessly!
You are too injured to fight recklessly!
You are too injured to fight recklessly!
You are too injured to fight recklessly!
You are too injured to fight recklessly!
You are too injured to fight recklessly!
You are too injured to fight recklessly!
You are too injured to fight recklessly!
You are too injured to fight recklessly!
You are too injured to fight recklessly!
You are too injured to fight recklessly!
You are too injured to fight recklessly!
Unknown command.
You hit the iguana but do no damage.
The iguana is heavily wounded.
The iguana bites you.
* * * LOW HITPOINT WARNING * * *
A hound comes into view.
You take 4 damage, and have 19/51 hp.
You closely miss the iguana.
The iguana is heavily wounded.
The hound barks!
You hit the iguana but do no damage.
The iguana is heavily wounded.
The iguana bites you.
* * * LOW HITPOINT WARNING * * *
You take 5 damage, and have 14/51 hp.
You hit the iguana.
The iguana is heavily wounded.
The iguana barely misses you.
Unknown command.
You hit the iguana but do no damage.
The iguana is heavily wounded.
The iguana bites you.
* * * LOW HITPOINT WARNING * * *
You take 6 damage, and have 8/51 hp.
Unknown command.
The iguana bites you.
* * * LOW HITPOINT WARNING * * *
You take 5 damage, and have 3/51 hp.
The iguana bites you!
You die...

███.██.███████)█
..............>█
......██.██/███
██.██.██.██)███
███......)..█(..█
█.............█.█
█ █..Ψ...Ψ..█.█.█
█.█.........█.█.█
█......>.l@...█.█
█.█......h..█.█.█
█.█..Ψ...Ψ..█...█
█.†...........█.█
(.█.........█.███
█ ██.██.██.██.█
... █.█..<█.█
█... █....██.█
█... ████.██.█


You could see an iguana and a hound.

Vanquished Creatures
  A scorpion (D:4)
  A howler monkey (D:4)
  An orc priest (D:4)
  A bullfrog skeleton (D:4)
  A worker ant (D:4)
  4 adders
  An ooze (D:3)
  3 worms
  2 dart slugs (D:2)
  3 leopard geckos
  11 orcs
  2 ball pythons (D:2)
  A giant cockroach (D:1)
  4 goblins
  6 hobgoblins
  8 jackals
  2 quokkas (D:2)
  9 bats
  5 frilled lizards
  8 kobolds
  5 rats
79 creatures vanquished.

Notes
Turn   | Place    | Note
-------+----------+-------------------------------------------
     0 | D:1      | Goblin1989 the Barachi Hunter began the quest for the Orb.
     0 | D:1      | Reached XP level 1. HP: 17/17 MP: 1/1
   159 | D:1      | Reached skill level 3 in Fighting
   176 | D:1      | Reached XP level 2. HP: 24/24 MP: 2/2
   729 | D:2      | Reached skill level 4 in Fighting
   996 | D:2      | Reached XP level 3. HP: 18/30 MP: 3/3
  1468 | D:2      | Reached skill level 1 in Armour
  2008 | D:2      | Reached skill level 1 in Maces & Flails
  2008 | D:2      | Reached XP level 4. HP: 35/38 MP: 4/4
  2978 | D:3      | Found a faded altar of an unknown god.
  3069 | D:3      | Became a worshipper of Ru the Awakened
  3318 | D:4      | Reached XP level 5. HP: 40/43 MP: 5/5
  3383 | D:4      | Found a staircase to the Ecumenical Temple.
  3481 | D:4      | Reached XP level 6. HP: 45/50 MP: 6/6
  3565 | D:4      | Reached skill level 5 in Fighting
  3630 | D:4      | Mangled by an iguana

Vault maps used:
D:1:      tarquinn_simple_flora_water_c, wad_floor_pattern_untrapped,
          minmay_misc_feat_four_crosses
D:3:      chequers_ecumenical_altar_grove
D:4:      minmay_temple_entry_large_hall, first_bread, uniq_robin

Skill      XL: |  1  2  3  4  5  6 |
---------------+-------------------+-----
Fighting       | 3 4 5 |  5.0
Armour         | 1 2 3 |  3.3
Maces & Flails | 1 2 3 4 |  4.0
Crossbows      | |  4.0
Dodging        | |  2.1
Stealth        | |  0.8

Action                   |  1- 3 |  4- 6 || total
-------------------------+-------+-------++-------
Melee: Short sword       |    94 |       ||    94
       Whip              |    88 |   191 ||   279
 Fire: Hand crossbow     |     6 |    22 ||    28
Invok: Reject Sacrifices |       |     1 ||     1
 Stab: Sleeping          |     1 |       ||     1
  Eat: Chunk             |     4 |     6 ||    10
Armor: Leather armour    |    35 |       ||    35
       Scale mail        |    61 |    93 ||   154
Dodge: Dodged            |   126 |   105 ||   231

Vault maps used:
D:1:      tarquinn_simple_flora_water_c, wad_floor_pattern_untrapped,
          minmay_misc_feat_four_crosses
D:3:      chequers_ecumenical_altar_grove
D:4:      minmay_temple_entry_large_hall, first_bread, uniq_robin
